cohdb
Replays
Latest Replays
All Replays
Popular Replays
Top Player Replays
Match Explorer
How It Works
Community
CoH3 Stats
Reddit
Sign in to upload your games and track your stats! →
Sign in with Steam
Match 40645488
Unlisted
Match 40645488
Overview
Messages
Build Orders
End
Construct Section Command Post
Selects Canadian Shock Battlegroup
Infantry Section
Dingo Light Scout Car
Infantry Section
Construct Platoon Command Post
Selects Attacking Spirit
Selects Canadian Shock Section
Humber Armored Car
Humber Armored Car
Humber Armored Car
Royal Engineer Section
6-pounder Anti-tank Gun Team
Selects Incendiary Munitions
Selects Pyrotechnics
Vickers Machine Gun Team
Infantry Training
Canadian Shock Section
Unlock Bishop Self-propelled Artillery
Bishop Self-propelled Artillery
Selects Churchill Crocodile Heavy Tank
Adumb
Spriggan
BooralKing
ko11
HM-38 120mm Mortar
小妖
0
0
Comments
sign in to comment!
No comments posted yet!